 Dungeon Crawl Stone Soup version 0.28-a0-1389-gc726bef33b (webtiles) character file.

Game seed: 14773753313295707036

2438 flotson the Ducker (level 9, -7/68 HPs)
             Began as a Demonspawn Gladiator on Jan 3, 2022.
             Was a Follower of Makhleb.
             Hit by a large rock thrown by a cyclops (24 damage)
             ... on level 7 of the Dungeon.
             The game lasted 00:10:00 (7777 turns).

flotson the Ducker (Demonspawn Gladiator)           Turns: 7777, Time: 00:10:01

Health: -7/68      AC: 15    Str: 18    XL:     9   Next: 25%
Magic:  11/11      EV: 14    Int: 11    God:    Makhleb [*.....]
Gold:   162        SH:  0    Dex: 14    Spells: 8/8 levels left

rFire   . . .      SeeInvis .   a - -1 demon whip
rCold   . . .      Faith    .   x - orb {*Rage}
rNeg    . . .      Spirit   .   B - +3 leather armour
rPois   .          Reflect  .   c - +0 helmet
rElec   .          Harm     .   (no cloak)
rCorr   .          Rampage  .   y - +0 pair of gloves
Will    .....      Rage     20% (no boots)
Stlth   +.........              (no amulet)
HPRegen 0.21/turn               p - ring of flight
MPRegen 0.12/turn               (no ring)

@: sanguine armoured, flying
A: demonic guardian 2, powered by death 2, sanguine armour 1
a: Renounce Religion


You were on level 7 of the Dungeon.
You worshipped Makhleb.
Makhleb was aware of your devotion.
You visited 1 branch of the dungeon, and saw 7 of its levels.

You collected 272 gold pieces.
You spent 110 gold pieces at shops.

Inventory:

Hand Weapons
 a - a -1 demon whip (weapon)
Missiles
 d - 3 throwing nets (quivered)
 s - 6 boomerangs
 t - 3 boomerangs of dispersal
 w - 14 poisoned darts
Armour
 c - a +0 helmet (worn)
 x - an orb of wrath (worn)
 y - a +0 pair of gloves (worn)
 B - a +3 leather armour (worn)
Jewellery
 g - a ring of ice
 p - a ring of flight (left hand)
Wands
 o - a wand of iceblast (9)
 A - a wand of polymorph (8)
Scrolls
 b - a scroll of torment {unknown}
 f - a scroll of fear
 h - a scroll of amnesia {unknown}
 j - 2 scrolls of immolation
 k - a scroll of identify
 l - a scroll of blinking {unknown}
 q - 2 scrolls of noise
 u - 2 scrolls of enchant armour
 C - a scroll of silence {unknown}
Potions
 e - a potion of attraction {unknown}
 i - a potion of degeneration {unknown}
 m - 2 potions of flight {unknown}
 n - 4 potions of heal wounds {unknown}
 r - a potion of magic {unknown}
 v - a potion of mutation {unknown}
 z - 2 potions of berserk rage {unknown}


   Skills:
 + Level 5.3 Fighting
 + Level 5.3 Maces & Flails
 + Level 4.8 Throwing
 + Level 4.4 Armour
 + Level 5.4 Dodging
 + Level 3.3 Invocations
 + Level 4.1 Evocations


You had 8 spell levels left.
You didn't know any spells.
Your spell library contained the following spells:

 Spells                   Type           Power      Damage    Failure   Level
 Beastly Appendage        Tmut           0%         N/A       38%         1
 Sandblast                Erth           0%         2d4       38%         1
 Corpse Rot               Necr/Air       0%         N/A       54%         2
 Passwall                 Tmut/Erth      0%         N/A       54%         2
 Poisonous Vapours        Pois/Air       0%         N/A       54%         2
 Wereblood                Tmut           0%         N/A       54%         2
 Spider Form              Tmut/Pois      0%         N/A       77%         3
 Stone Arrow              Conj/Erth      0%         3d7       77%         3
 Swiftness                Air            0%         N/A       77%         3


Dungeon Overview and Level Annotations

Branches:
Dungeon (7/15)
 Temple: D:4-7

Altars:
Ashenzari
Dithmenos
Elyvilon
Kikubaaqudgha
Makhleb
Ru
Wu Jian

Shops:
D:4 *   D:6 (


Innate Abilities, Weirdness & Mutations

A demonic guardian rushes to your aid.
You regenerate health from kills.
When seriously injured, your blood forms armour. (AC +6)


Message History

You whack the killer bee!
The killer bee is severely wounded.
You feel sick. The killer bee closely misses you.
The killer bee stings you but does no damage.
The orc shouts!
You whack the killer bee!
You kill the killer bee!
Makhleb accepts your kill.
You feel sick.
The cyclops throws a large rock.
The large rock hits you but does no damage.
You feel sick.
The cyclops throws a large rock.
The large rock hits you!!
Your blood congeals into armour.
You see here a killer bee corpse.
You feel sick.
You feel sick.
You hit the cyclops.
The cyclops is lightly wounded.
The cyclops closely misses you.
You hit the cyclops but do no damage.
The cyclops is lightly wounded.
You feel sick.
You are no longer poisoned.
You hit the cyclops but do no damage.
The cyclops is lightly wounded.
The cyclops hits you!!
* * * LOW HITPOINT WARNING * * *
A demonic guardian appears!
You are too injured to fight recklessly!
You are too injured to fight recklessly!
You are too injured to fight recklessly!
You are too injured to fight recklessly!
You are too injured to fight recklessly!
You are too injured to fight recklessly!
You are too injured to fight recklessly!
You are too injured to fight recklessly!
Your orange demon stings the cyclops but does no damage.
Your orange demon barely misses the cyclops.
You see here a killer bee corpse.
The cyclops throws a large rock.
The large rock hits you!!
You die...

.. .# .#. ... #.# #o#
#.#.###C# #.# ......4.#
#.# #.#####†# #.###
#.#####@# .....
#.......# ##########.##.
#.#####.###.......##.##.
#...........#####.##.##.
#.#####.#########.......
#.# #.........##. ...
...##########. ##.# #.
#.# #.


You could see a cyclops (ally target), an orc and a friendly orange demon
(summoned).

Vanquished Creatures
  A centaur zombie (D:7)
  A water moccasin (D:7)
  2 ice beasts (D:7)
  A sky beast (D:6)
  3 ogres
  A necrophage (D:6)
  2 centaurs
  2 phantoms
  A kobold brigand (D:7)
  2 scorpions
  3 killer bees
  2 howler monkeys (D:6)
  A gnoll shaman (D:4)
  A hound (D:5)
  A bullfrog skeleton (D:6)
  A centaur skeleton (D:5)
  3 iguanas
  Jessica (D:3)
  Ijyb (D:3)
  2 orc wizards
  A hound zombie (D:5)
  A hound skeleton (D:5)
  3 gnolls
  5 adders
  4 worms (D:2)
  10 dart slugs
  14 orcs
  3 ball pythons (D:1)
  8 bats
  5 endoplasms
  5 giant cockroaches
  3 hobgoblins
  7 jackals
  7 quokkas
  2 frilled lizards (D:2)
  5 goblins
  17 kobolds
  A quokka skeleton (D:4)
  4 rats
137 creatures vanquished.

Vanquished Creatures (collateral kills)
  A water moccasin (D:6)
  4 gnolls
  A howler monkey skeleton (D:6)
  An adder (D:2)
  A dart slug (D:2)
  4 orcs
  A ball python (D:1)
  2 endoplasms
  A giant cockroach (D:3)
  A jackal (D:1)
  2 kobolds (D:2)
  A frilled lizard (D:1)
  A goblin (D:3)
21 creatures vanquished.

Vanquished Creatures (others)
  An orc wizard (D:7)
  27 plants (D:6)
28 creatures vanquished.

Grand Total: 186 creatures vanquished

Notes
Turn   | Place    | Note
-------+----------+-------------------------------------------
     0 | D:1      | flotson the Demonspawn Gladiator began the quest for the
                  | Orb.
     0 | D:1      | Reached XP level 1. HP: 16/16 MP: 1/1
   219 | D:1      | Gained mutation: A weak demonic guardian rushes to your
                  | aid. [demonic ancestry]
   219 | D:1      | Reached XP level 2. HP: 15/22 MP: 2/2
  1011 | D:1      | Reached XP level 3. HP: 28/28 MP: 3/3
  1535 | D:2      | Reached skill level 1 in Armour
  1922 | D:2      | Reached XP level 4. HP: 20/34 MP: 4/4
  2380 | D:2      | Found a faded altar of an unknown god.
  2956 | D:3      | Gained mutation: When seriously injured, your blood forms
                  | armour. (AC +6) [demonic ancestry]
  2956 | D:3      | Reached XP level 5. HP: 12/40 MP: 5/5
  3467 | D:3      | Noticed Jessica
  3470 | D:3      | Killed Jessica
  3539 | D:3      | Noticed Ijyb
  3562 | D:3      | Killed Ijyb
  4150 | D:4      | Gained mutation: A demonic guardian rushes to your aid.
                  | [demonic ancestry]
  4150 | D:4      | Reached XP level 6. HP: 20/47 MP: 6/6
  4476 | D:4      | Reached skill level 1 in Evocations
  4952 | D:4      | Found Ryfuoh's Lightly-Used Armoury.
  4965 | D:4      | Bought a -1 demon whip for 110 gold pieces
  5372 | D:5      | Entered Level 5 of the Dungeon
  5387 | D:5      | Reached XP level 7. HP: 42/53 MP: 7/7
  5819 | D:5      | Found an ornate altar of the Wu Jian Council.
  6034 | D:5      | Found a burning altar of Makhleb.
  6039 | D:5      | Became a worshipper of Makhleb the Destroyer
  6109 | D:6      | Found a broken altar of Ashenzari.
  6403 | D:6      | Found a shadowy altar of Dithmenos.
  6408 | D:6      | Gained mutation: You regenerate a little health from kills.
                  | [demonic ancestry]
  6408 | D:6      | Reached XP level 8. HP: 60/60 MP: 8/8
  6744 | D:6      | Found a sacrificial altar of Ru.
  6753 | D:6      | Found Raojiapij's Weapon Shoppe.
  6906 | D:6      | Found an ancient bone altar of Kikubaaqudgha.
  7025 | D:6      | Reached skill level 1 in Invocations
  7179 | D:7      | Reached skill level 5 in Dodging
  7187 | D:7      | Reached skill level 5 in Fighting
  7187 | D:7      | Reached skill level 5 in Maces & Flails
  7295 | D:7      | Reached * piety under Makhleb
  7359 | D:7      | Gained mutation: You regenerate health from kills. [demonic
                  | ancestry]
  7359 | D:7      | Reached XP level 9. HP: 68/68 MP: 11/11
  7765 | D:7      | Noticed a cyclops
  7777 | D:7      | Hit by a large rock thrown by a cyclops

Illustrated notes

Levels and vault maps discovered:
D:1:      evilmike_arrival_home_sweet_home, layout_loops_ring,
          serial_bayou_pond_b, solitary_fountain
D:2:      layout_basic, hellmonk_ecumenical_altar_heavens_door,
          minmay_tiny_reverse_x
D:3:      layout_rooms, uniq_jessica, uniq_ijyb
D:4:      layout_rooms, minmay_shop_damaged
D:5:      layout_cave_pools, lightli_temple_of_fire,
          mainiacjoe_overflow_small_starburst
D:6:      layout_loops_cross, mainiacjoe_overflow_surrounded_room,
          ashenzari_altar_1, kennysheep_little_box,
          mainiacjoe_overflow_catch_the_wave, serial_shops, shop
D:7:      layout_loops_ring, minmay_temple_entry_steel_oval,
          minmay_ruined_shrine

Skill      XL: |  1  2  3  4  5  6  7  8  9 |
---------------+----------------------------+-----
Throwing       | 2 3 4 |  4.8
Maces & Flails | 3 4 5 |  5.3
Dodging        | 3 4 5 |  5.4
Armour         | 1 2 3 4 |  4.4
Fighting       | 3 4 5 |  5.3
Evocations     | 1 2 3 4 |  4.1
Invocations    | 2 3 |  3.3

Action                   |  1- 3 |  4- 6 |  7- 9 || total
-------------------------+-------+-------+-------++-------
Melee: Flail             |   127 |   239 |       ||   366
       Demon whip        |       |    46 |   208 ||   254
  Use: Scroll            |       |       |     5 ||     5
Armor: Leather armour    |    10 |       |    79 ||    89
       Scale mail        |    76 |    94 |       ||   170
       Ring mail         |       |    65 |    26 ||    91
Dodge: Dodged            |    98 |   203 |   140 ||   441

Table legend: (Time is in decaauts)
 A = Elapsed time spent in this place.
 B = Non-inter-level travel time spent in this place.
 C = Inter-level travel time spent in this place.
 D = Time resting spent in this place.
 E = Time spent auto-exploring this place.
 F = Levels seen in this place.
 G = Mean time per level.
                   A        B        C        D        E       F      G
               +--------+--------+--------+--------+--------+-----+--------+
         Total |   7962 |   7821 |    141 |    220 |   6261 |   7 | 1137.4 |
       Dungeon |   7962 |   7821 |    141 |    220 |   6261 |   7 | 1137.4 |
               +--------+--------+--------+--------+--------+-----+--------+

Top non-repeatable levels by time:
     D:1: 1543 daAuts
     D:4: 1507 daAuts
     D:2: 1434 daAuts
     D:6: 1301 daAuts
     D:3: 972 daAuts
     D:5: 718 daAuts
     D:7: 484 daAuts
